 Dungeon Crawl Stone Soup version 0.31-a0-1300-gb6740aa4e6 (webtiles) character file.

Game seed: 1487755690762265877

48 avis the Ducker (level 3, 18/18 HPs)
             Began as a Felid Shapeshifter on Dec 18, 2023.
             Got out of the dungeon alive.
             The game lasted 00:04:20 (1351 turns).

avis the Ducker (Felid Shapeshifter)                Turns: 1351, Time: 00:04:20

Health: 18/18      AC:  1    Str: 10    XL:     3   Next: 50%
Magic:  4/4        EV: 19    Int: 13    God:
Gold:   48         SH:  0    Dex: 17    Spells: 2/2 levels left
                                        Lives:  0   Deaths: 1

rFire   . .          .
                       - Unarmed
rCold   . . .        (shield unavailable)
rNeg    . . .        (body armour unavailable)
rPois   .            (helmet unavailable)
rElec   .            (cloak unavailable)
rCorr   .            (gloves unavailable)
SInv    +            (boots unavailable)
Will    .....        (no amulet)
Stlth   ++           (no ring)
HPRegen 0.23/turn    (no ring)
MPRegen 0.09/turn

%: random rage (3%)
@: beast-form
A: beast (slay +1), very small, claws 1, fangs 3, see invisible, shaggy fur 1,
stealthy paws, no weapons or thrown items, no armour, multi-lived, berserk 1,
sense surroundings 1
a: Begin Untransformation


You escaped.
You were a hulking beast.
You visited 1 branch of the dungeon, and saw 2 of its levels.

You collected 48 gold pieces.

Inventory:

Jewellery
 d - a ring of resist corrosion
Talismans
 b - a beast talisman
 c - a flux talisman
Scrolls
 f - a scroll of amnesia {unknown}
 g - a scroll of vulnerability {unknown}
Potions
 a - a potion of lignification


   Skills:
 - Level 1.0 Fighting
 * Level 5.3 Dodging
 - Level 3.0 Unarmed Combat
 - Level 2.6 Shapeshifting


You had 2 spell levels left.
You didn't know any spells.
Your spell library was empty.

Dungeon Overview and Level Annotations

Branches:
Dungeon (2/15)

Altars:


Innate Abilities, Weirdness & Mutations

You are a hulking beast.
Your limbs bulge with bestial killing power. (Slay +1)
You have sharp claws.
You have razor-sharp teeth.
You have supernaturally acute eyesight. (SInv)
You are covered in fur. (AC +1)
Your paws help you pounce on unaware monsters.
You are incapable of wielding weapons or throwing items.
You cannot wear armour.
You gain extra lives every three experience levels.
You sometimes lose your temper in combat.
You passively map a small area around you.


Message History

The adder bites you.
You are poisoned.
The adder poisons you!
You closely miss the adder. Your bite misses the adder.
The adder is moderately wounded.
You feel sick. The adder closely misses you.
You scratch the adder.
The adder is almost dead.
You feel sick. The adder barely misses you.
You scratch the adder but do no damage.
The adder is almost dead.
You feel sick. The adder bites you. x2
* * * LOW HITPOINT WARNING * * *
You barely miss the adder.
The adder is almost dead.
* * * LOW HITPOINT WARNING * * *
You feel sick. The adder barely misses you.
You claw the adder!
You kill the adder!
* * * LOW HITPOINT WARNING * * *
You feel sick.
It was a potion of mutation.
You feel extremely strange.
You feel a strange attunement to the structure of the dungeons.
You feel a little pissed off.
* * * LOW HITPOINT WARNING * * *
You feel sick.
There is a lethal amount of poison in your body!
You die...
Your shape twists and changes as you die.
You feel sick.
You are no longer poisoned.
You rejoin the land of the living...
Found a scroll labelled MAWKASIESI, a robe and a sling.
There is a stone staircase leading up here.
You climb upwards.
There is a stone staircase leading down here.
There is an open door here.
There is an open door here.
There is a staircase leading out of the dungeon here.
You have escaped!

###.################### #..#.#
# #.# ####.........#####..#.# #
#.# ##...####'####...##..#.###
#.# ##.#### #...# ####.##......
#.###.## #...# ##.#......
#..##.#### ###'########.##.)...
##.#.##≈.###.....##..≈##.#.....
#[#.#≈§..#.......#..≈§#.#.....
#...#§§§.'...h...'..≈≈#....###
###.#≈§..#.......#..≈≈#.#..###
#.##≈.###.....##..§##.#....#
##.#### ###'########.###....
#.## #...# ##.#.....# ##.####
#...# ####.##.....#
##...####'####...###....##
####.........#### #....#
################....##


There were no monsters in sight!

Vanquished Creatures
  An adder (D:2)
  A dart slug (D:1)
  3 ball pythons (D:1)
  3 endoplasms (D:1)
  4 goblins (D:1)
  7 jackals (D:1)
  2 kobolds
  5 bats (D:1)
  5 frilled lizards
  7 rats (D:1)
38 creatures vanquished.

Notes
Turn   | Place    | Note
-------+----------+-------------------------------------------
     0 | D:1      | avis the Felid Shapeshifter began the quest for the Orb.
     0 | D:1      | Reached XP level 1. HP: 10/10 MP: 2/2
    36 | D:1      | Reached skill level 3 in Dodging
   152 | D:1      | Reached XP level 2. HP: 13/14 MP: 3/3
   266 | D:1      | Reached skill level 4 in Dodging
   697 | D:1      | Reached XP level 3. HP: 7/18 MP: 4/4
   841 | D:1      | Reached skill level 5 in Dodging
   861 | D:1      | Found a faded altar of an unknown god.
  1286 | D:2      | Gained mutation: You passively map a small area around you.
                  | [potion of mutation]
  1286 | D:2      | Gained mutation: You sometimes lose your temper in combat.
                  | [potion of mutation]
  1287 | D:2      | Succumbed to an adder's poison
  1351 | D:$      | Got out of the dungeon alive.

Illustrated notes

Levels and vault maps discovered:
D:1:      dpeg_arrival_another_circle, layout_basic,
          hellmonk_ecumenical_altar_leap_of_faith, columned_hall_lemuel,
          nicolae_the_louvre
D:2:      layout_basic, basic_altar, uniq_sigmund

Skill      XL: |  1  2  3 |
---------------+----------+-----
Dodging        | 3 4 5 |  5.3
Fighting       | |  1.0
Unarmed Combat | |  3.0
Shapeshifting  | |  2.6

Action                     || total
---------------------------++-------
  Melee: Unarmed           ||    93
         Punch             ||     5
         Bite              ||     6
    Use: Potion            ||     1
 Armour: Skin              ||    29
  Dodge: Dodged            ||    63

Table legend: (Time is in decaauts)
 A = Elapsed time spent in this place.
 B = Non-inter-level travel time spent in this place.
 C = Inter-level travel time spent in this place.
 D = Time resting spent in this place.
 E = Time spent auto-exploring this place.
 F = Levels seen in this place.
 G = Mean time per level.
                   A        B        C        D        E       F      G
               +--------+--------+--------+--------+--------+-----+--------+
         Total |   1347 |   1089 |    258 |     63 |    711 |   2 |  673.5 |
       Dungeon |   1347 |   1089 |    258 |     63 |    711 |   2 |  673.5 |
               +--------+--------+--------+--------+--------+-----+--------+

Top non-repeatable levels by time:
     D:1: 1225 daAuts
     D:2: 121 daAuts
